 Dungeon Crawl Stone Soup version 0.28-a0-630-g0357d9c091 (webtiles) character file.

Game seed: 847945573570214066

128 Astera the Skirmisher (level 4, -4/37 HPs)
             Began as a Palentonga Fighter on Oct 9, 2021.
             Slain by Menkaure (11 damage)
             ... on level 4 of the Dungeon.
             The game lasted 00:08:27 (2925 turns).

Astera the Skirmisher (Palentonga Fighter)          Turns: 2925, Time: 00:08:27

Health: -4/37      AC:  9    Str: 19    XL:     4   Next: 86%
Magic:  4/4        EV:  7    Int:  9    God:
Gold:   89         SH:  4    Dex: 10    Spells: 3/3 levels left

rFire   . . .      SeeInvis +   a - +0 war axe
rCold   . . .      Faith    .   c - +0 buckler
rNeg    . . .      Spirit   .   b - +0 scale mail
rPois   .          Reflect  .   r - +0 helmet
rElec   .          Harm     .   (no cloak)
rCorr   .          Rampage  .   m - +0 pair of gloves
Will    .....                   (no barding)
Stlth   ..........              (no amulet)
HPRegen 0.12/turn               (no ring)
MPRegen 0.09/turn               (no ring)

@: about to teleport
A: large, rugged brown scales 3, see invisible, deformed body, roll 1, armoured
tail
a: Rolling Charge


You were on level 4 of the Dungeon.
You visited 1 branch of the dungeon, and saw 4 of its levels.

You collected 89 gold pieces.

Inventory:

Hand Weapons
 a - a +0 war axe (weapon)
Missiles
 q - a throwing net
Armour
 b - a +0 scale mail (worn)
 c - a +0 buckler (worn)
 m - a +0 pair of gloves (worn)
 r - a +0 helmet (worn)
Scrolls
 l - a scroll of fog {unknown}
 o - a scroll of blinking {unknown}
 p - a scroll of identify {unknown}
Potions
 d - a potion of might
 e - 2 potions of curing
 f - a potion of heal wounds {unknown}
 g - 2 potions of lignification {unknown}
 i - a potion of flight {unknown}
 j - a potion of attraction {unknown}
 n - a potion of brilliance {unknown}


   Skills:
 + Level 3.5 Fighting
 + Level 3.4 Axes
 + Level 3.2 Armour
 - Level 0.7 Dodging
 + Level 2.7 Shields


You had 3 spell levels left.
You didn't know any spells.
Your spell library contained the following spells:

 Spells                   Type           Power      Damage    Failure   Level
 Blink                    Tloc           N/A        N/A       87%         2
 Corpse Rot               Necr/Air       N/A        N/A       87%         2
 Lesser Beckoning         Tloc           0%         N/A       98%         3
 Dispel Undead            Necr           0%         3d6       100%        4
 Manifold Assault         Tloc           0%         N/A       100%        5
 Death Channel            Necr           0%         N/A       100%        6


Dungeon Overview and Level Annotations

Branches:
Dungeon (4/15)
 Temple: D:4-7

Altars:

Shops:
D:2 (

Annotations:
D:4 Menkaure, Sigmund


Innate Abilities, Weirdness & Mutations

You are completely covered in rugged brown scales. (AC +3, +7% HP)
You have supernaturally acute eyesight. (SInv)
Armour fits poorly on your strangely shaped body.
You can roll at nearby foes to attack.
You have a long armoured tail.


Message History

You start putting on your armour.
You continue putting on your +0 helmet. x4
You finish putting on your +0 helmet.
Menkaure, Prince of Dust comes into view.
Menkaure shouts!
Menkaure mumbles some strange words.
Menkaure seems to speed up.
A kobold comes into view. It is wielding a +0 dagger.
The kobold shouts!
Menkaure casts a spell at you. Pain shoots through your body!
You open the door.
Found a stone staircase leading down.
There is an open door here.
Menkaure's bandages flutter.
Menkaure calls on the powers of darkness!
Your body is wracked with pain!
Menkaure points at you and mumbles some strange words.
Pain shoots through your body!
* * * LOW HITPOINT WARNING * * *
It was a potion of curing.
You feel better.
Menkaure blazes with dark energy!
Okay, then.
As you read the scroll labelled OPECUE ZAGIN, it crumbles to dust.
You hear a loud clanging noise!
It was a scroll of noise.
You hear a shout! x2
A gnoll opens the door.
A gnoll shaman comes into view. It is wielding a +0 club.
Menkaure casts a spell at you. Pain shoots through your body!
* * * LOW HITPOINT WARNING * * *
Menkaure points at you and mumbles some strange words.
Pain shoots through your body!
* * * LOW HITPOINT WARNING * * *
The gnoll shaman calls upon its god to speed up the gnoll.
The gnoll seems to speed up.
As you read the scroll labelled YSOACEI LIGU, it crumbles to dust.
You feel strangely unstable.
It was a scroll of teleportation.
Menkaure hits you!
You die...

......#.####........#
......#.#..+........#
......#'#'##........#
#............#...####
#.>..........#...#
###....gg....#####
#....K.....#######
#.###M#+##.......# #.
#@# #.......# . #.#
+.......# # #.#
#.......#
......#.######
......#.#
#......#.######
#......#..)...#
#..?...######.# ....
#.#


You could see Menkaure (fast), a gnoll shaman, a gnoll (fast) and a kobold.

Vanquished Creatures
  A hound skeleton (D:4)
  2 adders (D:2)
  4 worms
  A dart slug (D:1)
  2 orcs
  6 bats
  A bat zombie (D:2)
  8 endoplasms
  3 giant cockroaches (D:1)
  7 goblins
  7 hobgoblins
  5 jackals
  9 kobolds
  2 quokkas
  7 ball pythons
  2 ball python zombies (D:2)
  4 frilled lizards
  A giant cockroach zombie (D:2)
  A quokka zombie (D:2)
  2 rats
75 creatures vanquished.

Vanquished Creatures (others)
  A demonic plant (D:1)
  3 fungi (D:1)
  3 plants (D:1)
  4 withered plants
11 creatures vanquished.

Grand Total: 86 creatures vanquished

Notes
Turn   | Place    | Note
-------+----------+-------------------------------------------
     0 | D:1      | Astera the Palentonga Fighter began the quest for the Orb.
     0 | D:1      | Reached XP level 1. HP: 19/19 MP: 1/1
   227 | D:1      | Reached XP level 2. HP: 25/25 MP: 2/2
   304 | D:1      | Found a faded altar of an unknown god.
   897 | D:2      | Reached XP level 3. HP: 22/31 MP: 3/3
  1445 | D:2      | Reached XP level 4. HP: 37/37 MP: 4/4
  1451 | D:2      | Found Ehusuet's Antique Weapon Shop.
  2544 | D:4      | Noticed Sigmund
  2910 | D:4      | Noticed Menkaure
  2925 | D:4      | Slain by Menkaure

Illustrated notes

Levels and vault maps discovered:
D:1:      minmay_arrival_diagonal_passages, layout_loops_ring,
          shapermc_ecumenical_altar_gd
D:2:      layout_rooms, serial_shops, nicolae_shop_crystal, serial_undead,
          serial_undead_a, serial_undead_f, serial_undead_f, serial_undead_a,
          serial_undead_c, serial_undead_b
D:3:      layout_basic
D:4:      layout_basic, nicolae_hepliaklqana_hippocampus,
          kennysheep_generic_room_15, uniq_menkaure, uniq_ijyb, uniq_sigmund,
          uniq_grinder, uniq_natasha

Skill      XL: |  1  2  3  4 |
---------------+-------------+-----
Armour         | 3 |  3.2
Axes           | 3 |  3.4
Fighting       | |  3.5
Dodging        | |  0.7
Shields        | |  2.7

Action                   |  1- 3 |  4- 6 || total
-------------------------+-------+-------++-------
Melee: War axe           |    95 |    60 ||   155
       Tailslap          |    12 |     3 ||    15
 Abil: Rolling Charge    |    15 |     4 ||    19
  Use: Scroll            |       |     2 ||     2
       Potion            |       |     1 ||     1
Armor: Scale mail        |    50 |    34 ||    84
Dodge: Dodged            |    27 |    19 ||    46
Block: Buckler           |    10 |     6 ||    16

Table legend: (Time is in decaauts)
 A = Elapsed time spent in this place.
 B = Non-inter-level travel time spent in this place.
 C = Inter-level travel time spent in this place.
 D = Time resting spent in this place.
 E = Time spent auto-exploring this place.
 F = Levels seen in this place.
 G = Mean time per level.
                   A        B        C        D        E       F      G
               +--------+--------+--------+--------+--------+-----+--------+
         Total |   2992 |   2804 |    188 |    248 |   1633 |   4 |  748.0 |
       Dungeon |   2992 |   2804 |    188 |    248 |   1633 |   4 |  748.0 |
               +--------+--------+--------+--------+--------+-----+--------+

Top non-repeatable levels by time:
     D:1: 1098 daAuts
     D:3: 1054 daAuts
     D:2: 616 daAuts
     D:4: 223 daAuts
